 Dungeon Crawl Stone Soup version 0.32-a0-128-g77eb882913 (webtiles) character file.

Game seed: 92216274891624325

366 Dittersdorf the Shield-Bearer (level 6, -15/40 HPs)
             Began as a Gargoyle Fighter on Feb 7, 2024.
             Demolished by an ogre
             ... wielding a +0 giant club
              (21 damage)
             ... on level 4 of the Dungeon.
             The game lasted 00:03:59 (2003 turns).

Dittersdorf the Shield-Bearer (Gargoyle Fighter)    Turns: 2003, Time: 00:04:00

Health: -15/40     AC: 18    Str: 28    XL:     6   Next: 68%
Magic:  6/6        EV:  8    Int:  8    God:
Gold:   183        SH:  5    Dex: 15    Spells: 5/5 levels left

rFire   . . .        a - +0 flail
rCold   . . .        c - +0 buckler
rNeg    + . .        q - +0 chain mail
rPois   ∞            s - +0 helmet
rElec   +            (no cloak)
rCorr   .            (no gloves)
SInv    .            r - +2 pair of boots
Will    .....        b - amulet of magic regeneration Stlth
                     k - +6 ring of dexterity
HPRegen 0.26/turn    o - +6 ring of strength
MPRegen 0.50/turn

%: no passive effects
@: lit by a corona, glowing
A: sickness immunity, AC +4, negative energy resistance 1, electricity
resistance, torment resistance 1, petrification resistance
a: no special abilities


You were on level 4 of the Dungeon.
You visited 1 branch of the dungeon, and saw 4 of its levels.

You collected 183 gold pieces.

Inventory:

Hand Weapons
 a - a +0 flail (weapon)
Armour
 c - a +0 buckler (worn)
 f - a +0 helmet
 q - a +0 chain mail (worn)
 r - a +2 pair of boots (worn)
 s - a +0 helmet (worn)
Jewellery
 b - an amulet of magic regeneration (around neck)
 k - a +6 ring of dexterity (left hand)
 o - a +6 ring of strength (right hand)
Scrolls
 h - a scroll of blinking {unknown}
 l - 2 scrolls of teleportation {unknown}
 n - 2 scrolls of fear {unknown}
Potions
 d - 2 potions of might
 e - 2 potions of curing {unknown}
 i - 3 potions of heal wounds {unknown}
 j - a potion of magic
 m - a potion of invisibility
 p - a potion of berserk rage


   Skills:
 + Level 4.9 Fighting
 + Level 3.7 Maces & Flails
 + Level 4.8 Armour
 + Level 4.9 Shields


You had 5 spell levels left.
You didn't know any spells.
Your spell library was empty.

Dungeon Overview and Level Annotations

Branches:
Dungeon (4/15)
 Temple: D:4-7

Altars:
Ru
Vehumet
Yredelemnul

Annotations:
D:4 Dowan, Duvessa


Innate Abilities, Weirdness & Mutations

You are immune to sickness and miasma.
Your stone body is resilient. (AC +4)
You are immune to poison.
You resist negative energy. (rN+)
You are resistant to electric shocks. (rElec)
You are resistant to unholy torment.
You are immune to petrification.


Message History

Duvessa hits you but does no damage. The orc hits you but does no damage.
You block the orc's attack. x2; Duvessa hits you but does no damage.
The orc barely misses you. x3; Duvessa hits you but does no damage.
You hit Duvessa.
Duvessa is moderately wounded.
Duvessa hits you but does no damage. The orc hits you with a +0 club.
The orc closely misses you. Duvessa hits you but does no damage.
Duvessa hits you with a +0 short sword!
You see here a +0 orcbow.
Duvessa says, "My weaknesses are his strengths!"
Duvessa attacks as she pursues you! Duvessa hits you but does no damage. x2
Duvessa hits you but does no damage.
The orc enters a dispersal trap!
The orc blinks!
Dowan blinks!
Duvessa blinks!
You blink.
Found 2 scrolls labelled ISOEFO ANEG.
The orc blinks!
Duvessa enters a dispersal trap!
Dowan blinks!
You blink.
An ogre comes into view. It is wielding a +0 giant club.
You sock Duvessa!
Duvessa is heavily wounded.
Duvessa hits you with a +0 short sword. Duvessa barely misses you.
You barely miss Duvessa.
Duvessa is heavily wounded.
You block Duvessa's attack.
Dowan points at you and mumbles some strange words.
You are outlined in light.
Duvessa hits you with a +0 short sword. The ogre hits you with a +0 giant club.
Dowan gestures wildly while chanting.
Dowan blinks!
Duvessa hits you but does no damage.
You sock the ogre!
The ogre is moderately wounded.
Duvessa completely misses you. The ogre hits you with a +0 giant club!
* * * LOW HITPOINT WARNING * * *
Duvessa hits you with a +0 short sword.
* * * LOW HITPOINT WARNING * * *
You hit the ogre but do no damage.
The ogre is moderately wounded.
Dowan mumbles some strange words.
Dowan blinks!
You block Duvessa's attack.
The ogre hits you with a +0 giant club!!
Ouch! That really hurt!
You die...

#o....# #o)# ###)##
##.§.# ##e.###
###..## ###..e## #
###..o######....
#.§....e@O...#
.?......#.##########
#########.#
#.########.####
#....†........#
#####.).####.....
######..### ####
..<....## ########


You could see Duvessa (fast), an ogre and an orc.

Vanquished Creatures
  Grinder (D:3)
  A hound (D:4)
  An orc priest (D:4)
  Robin (D:3)
  An adder (D:3)
  3 dart slugs
  2 ribbon worms
  4 orcs
  4 endoplasms
  3 giant cockroaches
  14 goblins
  11 hobgoblins
  4 jackals
  9 kobolds
  3 ball pythons
  6 bats
  3 frilled lizards
  3 rats
74 creatures vanquished.

Notes
Turn   | Place    | Note
-------+----------+-------------------------------------------
     0 | D:1      | Dittersdorf the Gargoyle Fighter began the quest for the
                  | Orb.
     0 | D:1      | Reached XP level 1. HP: 14/14 MP: 1/1
   111 | D:1      | Reached XP level 2. HP: 19/19 MP: 2/2
   619 | D:2      | Reached XP level 3. HP: 21/23 MP: 3/3
  1215 | D:2      | Reached XP level 4. HP: 28/29 MP: 4/4
  1257 | D:3      | Found a radiant altar of Vehumet.
  1258 | D:3      | Found a faded altar of an unknown god.
  1357 | D:3      | Found a sacrificial altar of Ru.
  1357 | D:3      | Found a basalt altar of Yredelemnul.
  1455 | D:3      | Noticed Grinder
  1465 | D:3      | Killed Grinder
  1466 | D:3      | Reached XP level 5. HP: 19/34 MP: 5/5
  1466 | D:3      | Reached XP level 6. HP: 22/39 MP: 6/6
  1706 | D:3      | Noticed Robin
  1732 | D:3      | Killed Robin
  1979 | D:4      | Noticed Dowan
  1981 | D:4      | Noticed Duvessa
  2003 | D:4      | Demolished by an ogre

Illustrated notes

Levels and vault maps discovered:
D:1:      elethiomel_arrival_shortcut, layout_rooms, minmay_misc_feat_diagonals
D:2:      layout_loops_ring, guppyfry_early_orc_mine
D:3:      layout_basic, nicolae_overflow_two_pavilions,
          mainiacjoe_overflow_catwalk, ebering_ecumenical_altar_mist,
          uniq_robin, uniq_grinder
D:4:      layout_rooms, amcnicky_altar_gilded, serial_bayou_lagoon_b,
          uniq_duvessa

Skill      XL: |  1  2  3  4 |
---------------+-------------+-----
Fighting       | 4 |  4.9
Shields        | 4 |  4.9
Maces & Flails | 3 |  3.7
Armour         | 4 |  4.8

Action                     |  1- 3 |  4- 6 || total
---------------------------+-------+-------++-------
  Melee: Flail             |   112 |   112 ||   224
    Use: Scroll            |       |     3 ||     3
 Armour: Scale mail        |    83 |    10 ||    93
         Chain mail        |       |   110 ||   110
  Dodge: Dodged            |    57 |    58 ||   115
  Block: Buckler           |    33 |    38 ||    71

Table legend: (Time is in decaauts)
 A = Elapsed time spent in this place.
 B = Non-inter-level travel time spent in this place.
 C = Inter-level travel time spent in this place.
 D = Time resting spent in this place.
 E = Time spent auto-exploring this place.
 F = Levels seen in this place.
 G = Mean time per level.
                   A        B        C        D        E       F      G
               +--------+--------+--------+--------+--------+-----+--------+
         Total |   2067 |   2016 |     51 |     70 |   1402 |   4 |  516.8 |
       Dungeon |   2067 |   2016 |     51 |     70 |   1402 |   4 |  516.8 |
               +--------+--------+--------+--------+--------+-----+--------+

Top non-repeatable levels by time:
     D:3: 744 daAuts
     D:2: 695 daAuts
     D:1: 552 daAuts
     D:4: 74 daAuts
